 Dungeon Crawl Stone Soup version 0.30-a0-782-ge64f9170bb (webtiles) character file.

Game seed: 15430390803955884751

7523 Ceno the Geomancer (level 11, -16/89 HPs)
             Began as a Formicid Earth Elementalist on Feb 19, 2023.
             Was a Priest of Zin.
             Demolished by an ice devil (23 damage)
             ... on level 1 of the Lair of Beasts.
             The game lasted 00:48:23 (12743 turns).

Ceno the Geomancer (Formicid Earth Elementalist)   Turns: 12743, Time: 00:48:24

Health: -16/89     AC:  8    Str: 15    XL:     11   Next: 38%
Magic:  0/17       EV: 11    Int: 17    God:    Zin [***...]
Gold:   234        SH:  0    Dex: 14    Spells: 8/18 levels left

rFire   . . .      SeeInvis +    E - +3 flail (freeze)
rCold   . . .      Faith    .    (no shield)
rNeg    . . .      Spirit   .    B - +2 ring mail {Will+}
rPois   +          Reflect  .    (helmet unavailable)
rElec   .          Harm     .    (no cloak)
rCorr   +          Rampage  .    z - +0 pair of gloves
Will    ++...                    (no boots)
Stlth   ++                       H - amulet of magic regeneration
HPRegen 0.34/turn                h - ring of resist corrosion
MPRegen 0.55/turn                L - ring of poison resistance

@: on recite cooldown
A: permanent stasis, dig shafts and tunnels, antennae 3, four strong arms
a: Dig, Shaft Self, Renounce Religion, Recite, Vitalisation, Imprison, Donate
Gold


You were on level 1 of the Lair of Beasts.
You worshipped Zin.
Zin was most pleased with you.
You visited 3 branches of the dungeon, and saw 12 of its levels.

You collected 526 gold pieces.
You spent 240 gold pieces at shops.
You donated 52 gold pieces to Zin.

Inventory:

Hand Weapons
 E - a +3 flail of freezing (weapon)
Missiles
 c - 39 stones (quivered)
 k - 21 poisoned darts
 F - 6 silver javelins
 J - a curare-tipped dart
Armour
 z - a +0 pair of gloves (worn)
 B - a +2 ring mail of willpower (worn)
Jewellery
 h - a ring of resist corrosion (left hand)
 y - a ring of wizardry
 H - an amulet of magic regeneration (around neck)
 L - a ring of poison resistance (right hand)
Wands
 d - a wand of mindburst (19)
 t - a wand of flame (30)
 A - a wand of roots (21)
 I - a wand of charming (5)
 K - a wand of light (8)
Scrolls
 e - 3 scrolls of poison
 j - a scroll of amnesia
 l - a scroll of enchant armour
 n - 4 scrolls of teleportation
 o - a scroll of torment
 s - a scroll of silence
 v - 2 scrolls of magic mapping {unknown}
 w - a scroll of brand weapon
 C - 2 scrolls of fear
 G - a scroll of noise {unknown}
Potions
 a - 2 potions of brilliance
 b - a potion of magic
 f - a potion of flight
 g - a potion of cancellation
 i - 6 potions of curing
 p - 2 potions of heal wounds
 q - a potion of ambrosia
 r - 2 potions of degeneration
 u - 2 potions of might
 x - 2 potions of resistance
 D - 2 potions of lignification
 M - 2 potions of invisibility


   Skills:
 + Level 9.3 Fighting
 + Level 7.9 Maces & Flails
 + Level 3.5 Armour
 - Level 1.7 Dodging
 - Level 5.0 Stealth
 - Level 4.0 Spellcasting
 - Level 4.0 Conjurations
 - Level 5.0 Transmutations
 - Level 10.0 Earth Magic
 + Level 3.9 Invocations


You had 8 spell levels left.
You knew the following spells:

 Your Spells              Type           Power      Damage    Failure   Level
a - Sandblast             Erth           74%        2d16      1%          1
b - Passwall              Tmut/Erth      23%        N/A       1%          2
c - Stone Arrow           Conj/Erth      54%        3d10      4%          3
d - Petrify               Tmut/Erth      28%        N/A       14%         4

Your spell library contained the following spells:

 Spells                   Type           Power      Damage    Failure   Level
 Lee's Rapid Deconstruct  Erth           18%        3d11*     14%         5
 Dazzling Flash           Conj/Hex       20%        N/A       36%         3
 Kindle Blastsparks       Fire/Tloc/Air  6%         2d10      65%         3
 Summon Guardian Golem    Hex/Summ       3%         N/A       65%         3
 Fulminant Prism          Conj/Hex       5%         3d7       78%         4
 Iskenderun's Mystic Bla  Conj/Tloc      10%        2d4       78%         4
 Starburst                Conj/Fire      5%         6d4       100%        6
 Orb of Destruction       Conj           8%         9d6       100%        7
 Spellforged Servitor     Conj/Summ      5%         N/A       100%        7


Dungeon Overview and Level Annotations

Branches:
Dungeon (10/15)            Temple (1/1) D:7            Lair (1/5) D:9
    Orc (0/2) D:9

Altars:
Ashenzari
Cheibriados
Dithmenos
Elyvilon
Fedhas
Gozag
Hepliaklqana
Kikubaaqudgha
Makhleb
Nemelex Xobeh
Okawaru
Qazlal
Ru
Sif Muna
Trog
Uskayaw
Vehumet
Wu Jian
Xom
Yredelemnul
Zin
The Shining One

Shops:
D:6 (   D:10 =

Portals:
Ice
Cave: Lair:1

Annotations:
D:2 exclusion: adder, Sigmund
D:3 Grinder
D:6 Maggie
D:8 4 transporters
D:10 3 runed translucent doors, exclusion: obsidian statue, mandoloar's ghost, journeyman DECj


Innate Abilities, Weirdness & Mutations

You cannot be hasted, slowed, berserked, paralysed or teleported.
You can dig through walls and to a lower floor.
You have a pair of large antennae on your head. (SInv)
Your four strong arms can wield two-handed weapons with a shield.


Message History

Aim: an ice devil (lightly wounded, confused, 90% to hit)
The stone arrow hits the ice devil.
The ice devil is lightly wounded.
You are too injured to fight recklessly!
You are too injured to fight recklessly!
You hit the ice devil.
The ice devil is moderately wounded.
You hear the faint crackling of a melting archway.
The ice devil hits you. The ice devil freezes you!!
* * * LOW HITPOINT WARNING * * *
The ice devil barely misses itself.
You barely miss the ice devil.
The ice devil is moderately wounded.
You sock the ice devil!
The ice devil is heavily wounded.
You hit the ice devil but do no damage.
The ice devil is heavily wounded.
Casting: Stone Arrow (dangerous; 4% risk of failure)
Confirm with . or Enter, or press ? or * to list all spells.
Aiming: Stone Arrow (dangerous; 4% risk of failure)
Press: ? - help, Shift-Dir - straight line, f/p - ice devil
Aim: an ice devil (heavily wounded, confused, 90% to hit)
The stone arrow hits the ice devil!
The ice devil is severely wounded.
The ice devil seems less confused.
The ice devil attacks as you move away!
The ice devil hits you but does no damage.
You feel much better. The ice devil hits you! The ice devil freezes you!
* * * LOW HITPOINT WARNING * * *
Casting: Stone Arrow (dangerous; 4% risk of failure)
Confirm with . or Enter, or press ? or * to list all spells.
Aiming: Stone Arrow (dangerous; 4% risk of failure)
Press: ? - help, Shift-Dir - straight line, f/p - ice devil
Aim: an ice devil (heavily wounded, 71% to hit)
The stone arrow hits the ice devil!
The ice devil is severely wounded.
The ice devil hits you!
* * * LOW HITPOINT WARNING * * *
The ice devil freezes you!!
You die...

#######
#..∩..#
#.....#
#.....#
#.$...#
###4###
##@## ##.
#...# #..#
#'#+###..
#.# ....
#.# ..#
#.##.#
#...##
###.P.###.
##.†....#.


You could see an ice devil.

Vanquished Creatures
  Pikel (D:7)
  A cane toad (Lair:1)
  An ice devil (Lair:1)
  11 yaks
  A wyvern (D:10)
  2 wraiths (D:10)
  A basilisk (Lair:1)
  A steam dragon (D:8)
  An acid dragon (D:9)
  4 water moccasins
  3 black bears
  A sky beast (D:7)
  An orc warrior (D:10)
  3 ice beasts
  2 ogres
  A centaur (D:9)
  A lemure (D:7)
  A phantom (D:7)
  A kobold brigand (D:10)
  A gnoll sergeant (D:9)
  A necrophage (D:5)
  A bullfrog (D:8)
  4 scorpions
  15 wights
  6 killer bees (D:9)
  A lava snake (D:9)
  7 orc priests
  4 hounds
  3 jellies
  5 iguanas
  Natasha (thrice) (D:3)
  9 orc wizards
  3 gnolls (D:9)
  10 adders
  2 white imps (D:7)
  2 ufetubi
  4 worms
  3 dart slugs
  38 orcs
  5 bats
  6 endoplasms
  4 giant cockroaches
  6 goblins
  12 hobgoblins
  12 kobolds
  5 quokkas
  7 ball pythons
  4 frilled lizards
  6 rats
227 creatures vanquished.

Vanquished Creatures (others)
  A wizard (D:4)
  8 plants (D:2)
9 creatures vanquished.

Grand Total: 236 creatures vanquished

Notes
Turn   | Place    | Note
-------+----------+-------------------------------------------
     0 | D:1      | Ceno the Formicid Earth Elementalist began the quest for
                  | the Orb.
     0 | D:1      | Reached XP level 1. HP: 13/13 MP: 3/3
   106 | D:1      | Reached XP level 2. HP: 19/19 MP: 3/5
   232 | D:1      | Learned a level 2 spell: Passwall
   404 | D:1      | Reached skill level 4 in Earth Magic
   737 | D:1      | Reached XP level 3. HP: 24/24 MP: 4/6
   793 | D:2      | Learned a level 3 spell: Stone Arrow
   853 | D:2      | Noticed Sigmund
  1495 | D:2      | Identified the +10 hand axe of True Grit {protect, *Rage
                  | Int+5}
  1818 | D:3      | Noticed Natasha
  1821 | D:3      | Killed Natasha
  1822 | D:3      | Reached XP level 4. HP: 18/30 MP: 3/7
  2043 | D:3      | Noticed Grinder
  2132 | D:3      | Reached skill level 5 in Stealth
  2166 | D:3      | Noticed Natasha
  2176 | D:3      | Killed Natasha
  2177 | D:3      | Reached XP level 5. HP: 32/36 MP: 4/8
  2191 | D:3      | Noticed Natasha
  2195 | D:3      | Killed Natasha
  2196 | D:3      | Reached skill level 1 in Fighting
  2342 | D:3      | Found a sacrificial altar of Ru.
  2572 | D:3      | Reached skill level 5 in Earth Magic
  2910 | D:4      | Reached XP level 6. HP: 44/44 MP: 5/10
  3671 | D:4      | Found an opulent altar of Gozag.
  3747 | D:4      | Found a bloodstained altar of Trog.
  3748 | D:4      | Noticed a wizard
  3754 | D:4      | Killed a wizard
  3786 | D:5      | Entered Level 5 of the Dungeon
  3946 | D:5      | Noticed a water moccasin
  3952 | D:5      | You fall into a shaft and drop 1 floor!
  4067 | D:5      | Reached XP level 7. HP: 28/52 MP: 6/12
  4245 | D:5      | Learned a level 4 spell: Petrify
  4254 | D:5      | Reached skill level 6 in Earth Magic
  4494 | D:5      | Reached skill level 1 in Conjurations
  4970 | D:5      | Killed a water moccasin
  4971 | D:5      | Reached XP level 8. HP: 35/60 MP: 1/14
  5414 | D:6      | Found an ornate altar of the Wu Jian Council.
  5419 | D:6      | Noticed a spectral centipede
  5419 | D:6      | Noticed a spectral black mamba
  5435 | D:6      | Noticed Maggie
  5441 | D:6      | You fall into a shaft and drop 2 floors!
  5576 | D:8      | Reached skill level 7 in Earth Magic
  5707 | D:8      | Noticed a wyvern
  5843 | D:8      | Found a transporter.
  6564 | D:6      | Reached skill level 5 in Fighting
  6564 | D:6      | Reached XP level 9. HP: 68/68 MP: 9/15
  6696 | D:6      | Found Zuydam's Antique Weapon Shop.
  6890 | D:6      | Found an iron altar of Okawaru.
  6895 | D:6      | Found a stormy altar of Qazlal.
  6921 | D:6      | Reached skill level 5 in Transmutations
  6921 | D:6      | Reached skill level 8 in Earth Magic
  7634 | D:7      | Found a staircase to the Ecumenical Temple.
  7647 | Temple   | Entered the Ecumenical Temple
  7707 | Temple   | Became a worshipper of Zin the Law-Giver
  7707 | Temple   | Reached * piety under Zin
  7873 | D:6      | Reached skill level 1 in Maces & Flails
  8480 | D:7      | Noticed Pikel
  8500 | D:7      | Killed Pikel
  8544 | D:7      | Reached XP level 10. HP: 77/77 MP: 8/16
  8747 | D:7      | Reached ** piety under Zin
  9171 | D:8      | Reached skill level 9 in Earth Magic
  9278 | D:8      | Found a transporter.
  9280 | D:8      | Found a transporter.
  9317 | D:8      | Reached skill level 5 in Maces & Flails
  9362 | D:8      | Found a transporter.
  9608 | D:9      | Found a shadowy altar of Dithmenos.
  9663 | D:9      | Found a staircase to the Lair.
 10155 | D:9      | Found a staircase to the Orcish Mines.
 11102 | D:10     | Entered Level 10 of the Dungeon
 11214 | D:10     | Reached skill level 10 in Earth Magic
 11464 | D:10     | Reached *** piety under Zin
 11684 | D:10     | Reached skill level 1 in Armour
 11684 | D:10     | Reached skill level 1 in Invocations
 11684 | D:10     | Reached XP level 11. HP: 83/87 MP: 15/17
 11896 | D:10     | Found Igimnis's Jewellery Shop.
 12077 | D:10     | Identified the +5 sling "Yfeappum" {freeze, Fly Will++
                  | Int+5}
 12097 | D:10     | Found a runed translucent gate.
 12097 | D:10     | Found a runed translucent gate.
 12097 | D:10     | Found an opulent altar of Gozag.
 12097 | D:10     | Found a runed translucent gate.
 12097 | D:10     | Noticed an obsidian statue
 12097 | D:10     | Noticed a boulder beetle
 12098 | D:10     | Noticed a boulder beetle
 12098 | D:10     | Noticed an eight-headed hydra
 12099 | D:10     | Noticed mandoloar's ghost (journeyman DECj)
 12545 | D:10     | Bought a ring of poison resistance for 240 gold pieces
 12592 | Lair:1   | Entered Level 1 of the Lair of Beasts
 12710 | Lair:1   | Found a frozen archway.
 12743 | Lair:1   | Demolished by an ice devil

Illustrated notes

Levels and vault maps discovered:
D:1:      dpeg_arrival_pond, layout_rooms
D:2:      layout_basic, serial_bayou_ford_a, serial_bayou_lagoon_a, uniq_sigmund
D:3:      layout_rooms, nicolae_overflow_crystal_walls, minmay_joined_circles,
          uniq_natasha, uniq_grinder
D:4:      layout_rooms, trog_wizard, kennysheep_little_box
D:5:      layout_basic
D:6:      layout_loops_corners, nicolae_overflow_squiral,
          pdpol_wu_jian_five_deadly_venoms, serial_shops, shop, uniq_maggie
D:7:      layout_basic, temple_pool_b, uniq_pikel
D:8:      layout_basic, nicolae_transporter_circle
D:9:      layout_grid_maze, grunt_dithmenos_smoke_and_mirrors, lair_entry_dummy,
          orc_0_dummy, dk_noncrumbling_3, kennysheep_cross_room
D:10:     layout_roguey, ebering_ghost_gozag, serial_shops, shop
Temple:   nicolae_temple_superstar
Lair:1:   layout_loops_ring, portal_ice_cave_demonic_guard, special_room
          [special_room_bee], uniq_sonja

Skill      XL: |  1  2  3  4  5  6  7  8  9 10 11 |
---------------+----------------------------------+-----
Stealth        | 3 4 5 |  5.0
Earth Magic    | 4 5 6 7 8 10 | 10.0
Fighting       | 1 3 5 6 8 9 |  9.3
Spellcasting   | 3 4 |  4.0
Conjurations   | 2 3 4 |  4.0
Transmutations | 2 4 5 |  5.0
Maces & Flails | 4 7 |  7.9
Armour         | 1 3 |  3.5
Invocations    | 1 3 |  3.9
Dodging        | |  1.7

Action                     |  1- 3 |  4- 6 |  7- 9 | 10-12 || total
---------------------------+-------+-------+-------+-------++-------
  Melee: Unarmed           |     4 |       |       |       ||     4
         Dagger            |     5 |    25 |    11 |       ||    41
         Whip              |       |       |     9 |     4 ||    13
         Flail             |       |       |       |    32 ||    32
  Throw: Stone             |     5 |     7 |    12 |    12 ||    36
         Dart              |       |     7 |    14 |       ||    21
   Cast: Sandblast         |    37 |   107 |   132 |   147 ||   423
         Passwall          |     2 |     3 |     1 |     1 ||     7
         Stone Arrow       |       |       |    22 |    35 ||    57
 Invoke: Recite            |       |       |       |     7 ||     7
         Vitalisation      |       |       |       |     2 ||     2
Ability: Shaft Self        |       |     1 |     1 |       ||     2
         Dig               |       |       |     1 |     2 ||     3
    Use: Scroll            |       |     9 |     4 |     7 ||    20
         Potion            |       |       |       |     2 ||     2
   Stab: Sleeping          |     1 |     5 |       |       ||     6
         Confused          |       |       |       |     4 ||     4
 Armour: Robe              |     1 |     5 |       |       ||     6
         Ring mail         |       |    11 |    36 |    41 ||    88
  Dodge: Dodged            |    10 |    42 |    47 |    78 ||   177

Table legend: (Time is in decaauts)
 A = Elapsed time spent in this place.
 B = Non-inter-level travel time spent in this place.
 C = Inter-level travel time spent in this place.
 D = Time resting spent in this place.
 E = Time spent auto-exploring this place.
 F = Levels seen in this place.
 G = Mean time per level.
                   A        B        C        D        E       F      G
               +--------+--------+--------+--------+--------+-----+--------+
         Total |  12987 |  12573 |    414 |   3721 |   4718 |  12 | 1082.2 |
       Dungeon |  12718 |  12311 |    407 |   3719 |   4634 |  10 | 1271.8 |
        Temple |    108 |    101 |      7 |      0 |     84 |   1 |  108.0 |
          Lair |    159 |    159 |      0 |      2 |      0 |   1 |  159.0 |
               +--------+--------+--------+--------+--------+-----+--------+

Top non-repeatable levels by time:
     D:6: 2123 daAuts
     D:9: 1771 daAuts
     D:5: 1358 daAuts
    D:10: 1281 daAuts
     D:7: 1262 daAuts
     D:3: 1172 daAuts
     D:2: 1056 daAuts
     D:8: 955 daAuts
     D:4: 919 daAuts
     D:1: 816 daAuts
  Lair:1: 159 daAuts
  Temple: 108 daAuts
